 Dungeon Crawl Stone Soup version 0.22-a0-441-gcf5b0c6 (webtiles) character file.

136 iamserjio the Caller (level 4, -1/33 HPs)
             Began as a Mummy Summoner on May 30, 2018.
             Killed by divine providence
             ... invoked by an orc priest
              (11 damage)
             ... on level 3 of the Dungeon.
             The game lasted 00:10:15 (4194 turns).

iamserjio the Caller (Mummy Summoner)               Turns: 4194, Time: 00:10:16

Health: -1/33      AC:  3    Str: 12    XL:     4   Next: 98%
Magic:  9/9        EV: 12    Int: 14    God:
Gold:   180        SH:  0    Dex: 12    Spells: 6/10 levels left

rFire    x . .     SeeInvis .   n - +0 short sword (venom)
rCold    + . .     Gourm    .   (no shield)
rNeg     + + +     Faith    .   a - +0 robe
rPois    ∞         Spirit   .   u - +0 helmet
rElec    .         Reflect  .   (no cloak)
rCorr    .         Harm     .   (no gloves)
MR       .....                  (no boots)
Stlth    ++........             (no amulet)
HPRegen  0.11/turn              (no ring)
MPRegen  0.11/turn              (no ring)

@: no status effects
A: no food or potions, fire vulnerability, cold resistance 1, negative energy
resistance 3, torment resistance, unbreathing
a: no special abilities


You were on level 3 of the Dungeon.
You were not hungry.

You visited 1 branch of the dungeon, and saw 3 of its levels.
You also visited: Sewer.

You collected 180 gold pieces.

Inventory:

Hand Weapons
 e - a +0 mace
 i - a +0 club
 l - a +2 whip of freezing
 n - a +0 short sword of venom (weapon)
 s - a cursed -2 spear
Missiles
 f - 111 stones (quivered)
 t - 2 steel javelins
Armour
 a - a +0 robe (worn)
 c - a +0 ring mail
 u - a +0 helmet (worn)
 v - a +0 shield
Jewellery
 g - an uncursed amulet of the gourmand {unknown}
 k - a cursed ring of loudness {unknown}
 o - an uncursed ring of stealth {unknown}
Scrolls
 b - 2 scrolls of remove curse {unknown}
 d - a scroll of magic mapping
 h - a scroll of teleportation {unknown}
 j - 2 scrolls of fog {unknown}
 m - a scroll of random uselessness {unknown}
 p - a scroll of enchant weapon {unknown}
 q - a scroll of identify {unknown}
 r - a scroll of immolation {unknown}


   Skills:
 + Level 1.8 Fighting
 + Level 1.5 Armour
 - Level 1.5 Dodging
 - Level 1.5 Stealth
 + Level 3.6 Spellcasting
 * Level 4.1 Summonings


You had 6 spell levels left.
You knew the following spells:

 Your Spells              Type           Power        Failure   Level  Hunger
a - Summon Small Mammal   Summ           ##..         3%          1    N/A
b - Call Canine Familiar  Summ           ##......     11%         3    N/A

Your spell library contained the following spells:

 Spells                   Type           Power        Failure   Level  Hunger
 Summon Ice Beast         Ice/Summ       #.......     63%         4    N/A
 Call Imp                 Summ           ##......     5%          2    N/A
 Summon Lightning Spire   Summ/Air       #.......     63%         4    N/A
 Summon Guardian Golem    Hex/Summ       #.......     26%         3    N/A

Dungeon Overview and Level Annotations

Branches:
Dungeon (3/15)

Altars:


Innate Abilities, Weirdness & Mutations

You do not eat or drink.
Your flesh is vulnerable to fire.
You are immune to poison.
Your flesh is cold resistant. (rC+)
You are immune to negative energy. (rN+++)
You are immune to unholy pain and torment.
You can survive without breathing.


Message History

The bat moves out of view.
You hear a shout!
Found a stone staircase leading up.
The bat hits you but does no damage.
Found a shield.
The bat barely misses you.
The orc priest mumbles some strange prayers to Beogh against you.
Beogh smites you! The gnoll barely misses you.
The gnoll hits you from afar with a spear.
The gnoll shouts!
The bat barely misses you.
A leopard gecko comes into view.
The bat barely misses you. x2
The bat hits you. The bat hits you. The bat closely misses you.
An orc comes into view.
The gnoll hits you from afar with a spear.
The orc priest mumbles some strange prayers to Beogh against you.
Beogh smites you!
You die...

*,***,*#####..#.###.......,..##..
,,,,,,,,..g,..##.#.........#.##.#
,**,,*####g##.##.....#.#..##.##.#
,,,,,,....l......#........##.##.#
,,,,,,,.....)##.....#***#.......#
********,##...#..##.# #.##....)
******##.#....g..##.# #.##..###
,*,**.[..o...g.bb.#.# #.......#
,,,**###.#..o[..@...#####.##..#.#
,,_****#,##...###.#.......##.....
,,,**,,,,*##.## #.#.##.#####.####
,*,****,,* #.####.#.##.# #.#
*******,,**#......)..#.#####.#
*,,,,,....###.#..........#
*,*,,*##.,###.##.#.#######
*,,,,,,,,,....##.#.>.##
*,******,**#..........#


You could see an orc priest, 4 gnolls, an orc, a leopard gecko and 2 bats.

Vanquished Creatures
  An adder (D:2)
  An ooze (D:1)
  3 worms
  An orc (D:3)
  2 giant cockroaches
  6 goblins
  9 hobgoblins
  7 kobolds
  A quokka (D:3)
  4 bats
  3 frilled lizards (D:2)
  6 rats
44 creatures vanquished.

Vanquished Creatures (collateral kills)
  A big kobold (Sewer)
  2 adders
  2 hobgoblins
  A jackal (Sewer)
  A bat (D:1)
  3 frilled lizards
  3 kobolds
  4 rats
17 creatures vanquished.

Grand Total: 61 creatures vanquished

Notes
Turn   | Place    | Note
-------+----------+-------------------------------------------
     0 | D:1      | iamserjio the Mummy Summoner began the quest for the Orb.
     0 | D:1      | Reached XP level 1. HP: 13/13 MP: 4/4
   768 | D:1      | Reached XP level 2. HP: 18/20 MP: 5/5
  1990 | D:2      | Reached skill level 1 in Fighting
  2327 | D:2      | Reached XP level 3. HP: 24/26 MP: 5/7
  2605 | D:2      | Reached skill level 1 in Armour
  3141 | D:3      | Found a faded altar of an unknown god.
  3146 | D:3      | Found a glowing drain.
  3171 | D:3      | Reached XP level 4. HP: 16/32 MP: 9/9
  3212 | Sewer    | Entered a sewer
  3471 | Sewer    | Learned a level 3 spell: Call Canine Familiar
  3522 | Sewer    | Noticed a big kobold
  3547 | Sewer    | Killed a big kobold
  3547 | Sewer    | Reached skill level 4 in Summonings
  3718 | Sewer    | Found a white marble altar of Elyvilon.
  4194 | D:3      | Killed from afar by an orc priest

Vault maps used:
D:1:      dpeg_arrival_short_road, serial_forest, infiniplex_forest_fountain,
          infiniplex_forest_end_2, infiniplex_forest_3_way,
          infiniplex_forest_lined_2, infiniplex_forest_lined_ring,
          infiniplex_forest_clump_curved, infiniplex_forest_lined_3_way,
          infiniplex_forest_end_2, minmay_misc_feat_room
D:2:      kennysheep_six_static_rooms, hangedman_abyss_or_decor_stabs,
          serial_park_tiny_2, minmay_statues_item
D:3:      yredelemnul_forgotten_temple_becter, chequers_ecumenical_altar_simple,
          cheibrodos_sewer_entry_drain
Sewer:    sewer_kobolds

Skill      XL: |  1  2  3  4 |
---------------+-------------+-----
Spellcasting   | 3 |  3.6
Fighting       | 1 |  1.8
Armour         | 1 |  1.5
Summonings     | 4 |  4.1
Dodging        | |  1.5
Stealth        | |  1.5

Action                   |  1- 3 |  4- 6 || total
-------------------------+-------+-------++-------
Melee: Unarmed           |    30 |       ||    30
       Mace              |    21 |       ||    21
       Short sword       |    54 |    37 ||    91
       Whip              |     7 |       ||     7
 Cast: Summon Small Mamm |    30 |     8 ||    38
       Call Canine Famil |       |     2 ||     2
  Use: Scroll            |     2 |       ||     2
 Stab: Sleeping          |     5 |     2 ||     7
       Distracted        |     2 |       ||     2
Armor: Robe              |    14 |     4 ||    18
Dodge: Dodged            |    75 |    22 ||    97

Table legend:
 A = Spawn XP
 B = Non-spawn XP
 C = Spawn XP percentage of total XP
 D = Spawn monster count
 E = Non-spawn monster count
 F = Spawn count percentage of total count
 G = Total turns spent on level
                    A         B        C        D         E        F      G
               +---------+---------+-------+---------+---------+-------+---------
         Total |       0 |     195 |   0.0 |       0 |      61 |   0.0 |  4194
               +---------+---------+-------+---------+---------+-------+---------
           D:1 |       0 |      33 |   0.0 |       0 |      18 |   0.0 |  1922
           D:2 |       0 |      53 |   0.0 |       0 |      19 |   0.0 |  1191
           D:3 |       0 |      31 |   0.0 |       0 |      14 |   0.0 |   538
         Sewer |       0 |      78 |   0.0 |       0 |      10 |   0.0 |   543
               +---------+---------+-------+---------+---------+-------+---------
